 Dungeon Crawl Stone Soup version 0.19-a0-606-gee5277e (webtiles) character file.

134 TheGoonsmith the Conjurer (level 5, -3/28 HPs)
             Began as a Gargoyle Fire Elementalist on June 12, 2016.
             Slain by an orc
             ... wielding a +0 flail
              (7 damage)
             ... on level 4 of the Dungeon.
             The game lasted 00:03:42 (2364 turns).

TheGoonsmith the Conjurer (GrFE)                    Turns: 2364, Time: 00:03:43

Health: -3/28      AC:  7    Str: 12    XL:     5   Next: 17%
Magic:  7/9        EV: 12    Int: 16    God:
Gold:   167        SH:  0    Dex: 10    Spells: 2 memorised, 6 levels left

rFire  . . .     SeeInvis .     r - +0 mace
rCold  . . .     Gourm    .     k - +0 robe (curse)
rNeg   + . .     Faith    .     (no shield)
rPois  ∞         Spirit   .     (no helmet)
rElec  +         Dismiss  .     n - +0 cloak
rCorr  .         Reflect  .     (no gloves)
SustAt .         Harm     .     (no boots)
MR     .....                    (no amulet)
Stlth  ++........               (no ring)
                                (no ring)

@: not resistant to hostile enchantments, unstealthy
A: negative energy resistance 1, electricity resistance, unbreathing,
petrification resistance, rot immunity, AC +4
a: no special abilities


You were on level 4 of the Dungeon.
You were not hungry.

You visited 1 branch of the dungeon, and saw 4 of its levels.

You collected 167 gold pieces.

Inventory:

Hand Weapons
 g - a +0 club
 r - a +0 mace (weapon)
Armour
 a - a +0 robe
 k - a cursed +0 robe (worn)
 n - a +0 cloak (worn)
Jewellery
 i - an uncursed ring of resist corrosion {unknown}
Scrolls
 e - 4 scrolls of remove curse {unknown}
 f - a scroll of noise {unknown}
 h - 5 scrolls of identify {unknown}
 q - a scroll of recharging {unknown}
 s - a scroll of blinking {unknown}
Potions
 l - a potion of curing {unknown}
 m - a potion of cure mutation
Books
 b - a book of Flames

   Spells                             Type                      Level
   a - Flame Tongue                   Conjuration/Fire             1
   b - Throw Flame                    Conjuration/Fire             2
   c - Conjure Flame                  Conjuration/Fire             3
   d - Inner Flame                    Hexes/Fire                   3
   e - Sticky Flame                   Conjuration/Fire             4
   f - Fireball                       Conjuration/Fire             5
Comestibles
 c - 5 bread rations
 d - 4 meat rations
 o - a beef jerky


   Skills:
 - Level 1.5 Dodging
 - Level 2.1 Stealth
 + Level 3.0 Spellcasting
 * Level 3.7 Conjurations
 * Level 3.7 Fire Magic


You had 6 spell levels left.
You knew the following spells:

 Your Spells              Type           Power        Failure   Level  Hunger
a - Flame Tongue          Conj/Fire      ##...        6%          1    #......
c - Conjure Flame         Conj/Fire      ##......     14%         3    ###....


Dungeon Overview and Level Annotations

Branches:
Dungeon (4/15)
 Temple: D:4-7

Altars:
Makhleb
Qazlal
Xom
Yredelemnul

Annotations:
D:3 Eustachio


Innate Abilities, Weirdness & Mutations

You are resistant to torment.
Your stone body is resilient. (AC +4)
You are immune to poison.
You resist negative energy. (rN+)
You are resistant to electric shocks. (rElec)
You can survive without breathing.
You are immune to petrification.
You are immune to rotting.


Message History

The orc completely misses you. The goblin hits you but does no damage.
It was a potion of magic.
Magic courses through your body. The orc hits you but does no damage.
The goblin closely misses you.
Casting: Flame Tongue
Confirm with . or Enter, or press ? or * to list all spells.
Aiming: Flame Tongue
Press: ? - help, Shift-Dir - straight line, f - orc
Aim: an orc, wielding a flail The flame tongue hits the orc.
The orc is severely wounded.
The orc hits you with a flail.
* * * LOW HITPOINT WARNING * * *
The goblin hits you but does no damage.
Casting: Flame Tongue
Confirm with . or Enter, or press ? or * to list all spells.
Aiming: Flame Tongue
Press: ? - help, Shift-Dir - straight line, f/p - orc
Aim: an orc, wielding a flail (severely wounded)
The flame tongue misses the orc.
The orc hits you with a flail!
You die...

#####+######
#...)......#
#...)@o....+
#....g.....#
#..........#
#..........#
#..........#
############


You could see an orc and a goblin.

Vanquished Creatures
  An orc priest (D:4)
  An orc wizard (D:3)
  3 adders (D:3)
  An ooze (D:1)
  2 dart slugs
  5 orcs
  5 bats
  3 giant cockroaches
  5 hobgoblins
  6 kobolds
  3 giant newts
  A goblin (D:2)
  3 rats
39 creatures vanquished.

Notes
Turn   | Place    | Note
--------------------------------------------------------------
     0 | D:1      | TheGoonsmith the Gargoyle Fire Elementalist began the quest for the Orb.
     0 | D:1      | Reached XP level 1. HP: 10/10 MP: 3/3
   469 | D:1      | Reached XP level 2. HP: 13/15 MP: 3/5
   833 | D:1      | Reached XP level 3. HP: 19/19 MP: 3/6
   968 | D:2      | Learned a level 3 spell: Conjure Flame
   975 | D:2      | Found a burning altar of Makhleb.
  1000 | D:2      | Found a shimmering altar of Xom.
  1441 | D:3      | Found a stormy altar of Qazlal.
  1706 | D:3      | Reached XP level 4. HP: 24/24 MP: 4/8
  1888 | D:3      | Found a basalt altar of Yredelemnul.
  2333 | D:4      | Noticed Eustachio
  2360 | D:4      | Reached XP level 5. HP: 8/28 MP: 0/9
  2364 | D:4      | Slain by an orc

Vault maps used:
D:1:      eino_arrival_cavern_a
D:2:      nicolae_overflow_hidden_temple
D:3:      kennysheep_big_flooded_room, lemuel_round_altar, lemuel_crystal_altar,
          kennysheep_generic_room_14
D:4:      first_bread, serial_shops, nicolae_shop_stone, uniq_eustachio

Skill      XL: |  1  2  3  4 |
---------------+-------------+-----
Conjurations   | 2 3 |  3.7
Spellcasting   | 3 |  3.0
Dodging        | |  1.5
Stealth        | |  2.1
Fire Magic     | |  3.7

Action                   |  1- 3 |  4- 6 || total
-------------------------+-------+-------++-------
Melee: Unarmed           |    19 |       ||    19
       Club              |    15 |       ||    15
       Mace              |       |    12 ||    12
 Cast: Flame Tongue      |    49 |    28 ||    77
  Use: Potion            |       |     2 ||     2
  Eat: Chunk             |     2 |     3 ||     5
Armor: Robe              |    12 |    18 ||    30
Dodge: Dodged            |    31 |    24 ||    55
